 Dungeon Crawl Stone Soup version 0.16.1-2-g95b8d4c (webtiles) character file.

119 JustSomeDude the Firebug (level 4, -8/33 HPs)
             Began as a Draconian Fire Elementalist on Mar 25, 2015.
             Mangled by a gnoll
             ... wielding a +0 whip
              (10 damage)
             ... on level 3 of the Dungeon.
             The game lasted 00:24:19 (2490 turns).

JustSomeDude the Firebug (DrFE)                     Turns: 2490, Time: 00:24:19

Health: -8/33      AC:  5    Str: 11    XL:     4   Next: 73%
Magic:  6/8        EV:  6    Int: 16    God:
Gold:   147        SH:  0    Dex: 11    Spells: 3 memorised, 1 level left

rFire  . . .     SeeInvis .     j - +0 blowgun
rCold  . . .     Clarity  .     (armour unavailable)
rNeg   . . .     SustAb   .     (no shield)
rPois  .         Gourm    .     (helmet restricted)
rElec  .         Spirit   .     (no cloak)
rCorr  .         Warding  .     (no gloves)
rMut   .         Stasis   .     (no boots)
MR     .....                    (no amulet)
Stlth  +++.......               p - ring of teleport control
                                l - ring of stealth

@: held, not resistant to hostile enchantments, fairly stealthy
A: unfitting armour, horns 1, cold-blooded, AC +5
a: Evoke Teleport Control


You were on level 3 of the Dungeon.
You were hungry.

You visited 1 branch of the dungeon, and saw 3 of its levels.

You collected 147 gold pieces.

Inventory:

Hand weapons
 j - a +0 blowgun (weapon)
 k - a +0 whip of draining
 t - a +0 long sword
Armour
 a - a +0 robe
Jewellery
 l - a ring of stealth (left hand)
 p - a ring of teleport control (right hand)
Magical devices
 e - a wand of slowing (41)
Scrolls
 d - 6 scrolls of remove curse
 g - a scroll of identify
 m - a scroll of recharging
 o - a scroll of magic mapping
 r - a scroll of random uselessness
Potions
 i - 2 potions of curing
 s - 2 potions of brilliance
Books
 b - a book of Flames

   Spells                             Type                      Level
   a - Flame Tongue                   Conjuration/Fire             1
   b - Throw Flame                    Conjuration/Fire             2
   c - Conjure Flame                  Conjuration/Fire             3
   d - Inner Flame                    Hexes/Fire                   3
   e - Sticky Flame                   Conjuration/Fire             4
   f - Fireball                       Conjuration/Fire             5
Miscellaneous
 n - a plain deck of defence {drawn: 3}
Comestibles
 c - 2 bread rations
 h - a slice of pizza


   Skills:
 + Level 0.2 Fighting
 + Level 0.6 Throwing
 + Level 2.2 Dodging
 + Level 2.3 Stealth
 + Level 0.2 Unarmed Combat
 + Level 2.7 Spellcasting
 + Level 1.7 Conjurations
 + Level 3.9 Fire Magic


You had one spell level left.
You knew the following spells:

 Your Spells              Type           Power        Failure   Level  Hunger
a - Flame Tongue          Conj/Fire      ##...        8%          1    #......
b - Inner Flame           Hex/Fire       #.......     28%         3    ###....
c - Conjure Flame         Conj/Fire      ##......     17%         3    ###....


Dungeon Overview and Level Annotations

Branches:
Dungeon (3/15)

Altars:
Fedhas
Nemelex Xobeh


Innate Abilities, Weirdness & Mutations

Your plain brown scales are hard (AC +5).
Your body does not fit into most forms of armour.
Your cold-blooded metabolism reacts poorly to cold.
You have a pair of small horns on your head.


Message History

The gnoll misses you.
You draw a card...
It is the Shadow.
You feel stealthy.
You feel less stealthy.
The orc wizard hits you but does no damage.
The goblin completely misses you. The gnoll misses you.
The gnoll barely misses you. The gnoll closely misses you.
You struggle against the net.
You are firmly grounded in the material plane once more.
The orc hits you but does no damage. The goblin hits you.
The orc wizard hits you with a dagger. The gnoll hits you with a whip.
The gnoll hits you but does no damage.
You try to slip out of the net.
The orc hits you but does no damage.
The gnoll hits you from afar with an enchanted halberd!
* * * LOW HITPOINT WARNING * * *
The goblin barely misses you. The orc wizard hits you with a dagger.
* * * LOW HITPOINT WARNING * * *
The gnoll hits you.
* * * LOW HITPOINT WARNING * * *
The gnoll hits you with a whip!
You die...

....#.......#.#
....#.......#.#
....#.......#.# ..
###.#.......#.# ...
#.#.......#.# .....
###.#.......#_#####.(...
................†.g....
................gg#(#(
...............#@o(.#
##############.#og###
#....# #....# ##########
#........... #####
.........# #....######
#.... .........# #.....
#.### #######..# #......
#†#.. ......#..#
#....... #.##.


You could see an orc wizard, 3 gnolls, an orc (inner flame) and a goblin.

Vanquished Creatures
  A gnoll (D:3)
  5 adders
  A giant mite (D:3)
  An ooze (D:1)
  3 giant geckos
  An orc (D:3)
  6 bats
  3 giant cockroaches
  4 goblins (D:1)
  3 hobgoblins
  3 jackals (D:3)
  9 kobolds
  2 quokkas (D:3)
  4 giant newts
  6 rats
52 creatures vanquished.

Notes
Turn   | Place    | Note
--------------------------------------------------------------
     0 | D:1      | JustSomeDude, the Draconian Fire Elementalist, began the quest for the Orb.
     0 | D:1      | Reached XP level 1. HP: 14/14 MP: 3/3
   244 | D:1      | Reached XP level 2. HP: 15/20 MP: 0/4
  1124 | D:2      | Reached XP level 3. HP: 23/26 MP: 2/6
  1142 | D:2      | Found a blossoming altar of Fedhas.
  1542 | D:2      | Gained mutation: You have a pair of small horns on your head. [potion of beneficial mutation]
  1859 | D:3      | Learned a level 3 spell: Inner Flame
  1863 | D:3      | Learned a level 3 spell: Conjure Flame
  1881 | D:3      | Reached XP level 4. HP: 25/33 MP: 0/8
  2341 | D:3      | Found a sparkling altar of Nemelex Xobeh.
  2490 | D:3      | Mangled by a gnoll

Action                   |  1- 3 |  4- 6 || total
-------------------------+-------+-------++-------
Melee: Unarmed           |    29 |       ||    29
       Blowgun           |       |    13 ||    13
 Fire: Blowgun           |     4 |    34 ||    38
 Cast: Flame Tongue      |    65 |       ||    65
       Inner Flame       |       |     2 ||     2
       Conjure Flame     |       |     1 ||     1
Evoke: Deck              |       |     3 ||     3
  Use: Potion            |     4 |     1 ||     5
       Scroll            |     8 |     2 ||    10
 Stab: Sleeping          |     1 |     7 ||     8
  Eat: Chunk             |     3 |     1 ||     4
       Pizza             |       |     1 ||     1
